 Dungeon Crawl Stone Soup version 0.20.1-1-g8b1a95d66d (webtiles) character file.

129 Peloso the Covered (level 5, -1/36 HPs)
             Began as a Halfling Fighter on Nov 17, 2017.
             Succumbed to a worker ant's poison
             ... on level 3 of the Dungeon.
             The game lasted 00:04:55 (2386 turns).

Peloso the Covered (Halfling Fighter)               Turns: 2386, Time: 00:04:56

Health: -1/36      AC:  7    Str: 18    XL:     5   Next: 35%
Magic:  5/5        EV: 11    Int:  6    God:
Gold:   131        SH: 10    Dex: 14    Spells: 4/4 levels left

rFire    . . .     SeeInvis .   a - +0 long sword
rCold    . . .     Gourm    .   c - +0 shield
rNeg     . . .     Faith    .   b - +0 scale mail
rPois    .         Spirit   .   (helmet restricted)
rElec    .         Reflect  .   (no cloak)
rCorr    .         Harm     .   (no gloves)
MR       .....                  (no boots)
Stlth    ..........             (no amulet)
Regen    0.2/turn               (no ring)
MPRegen  0.1/turn               (no ring)

@: lethally poisoned (-1 -> -30), flying, starving
A: horns 1, repulsion field 1, mutation resistance 1
a: no special abilities


You were on level 3 of the Dungeon.
You were starving.

You visited 1 branch of the dungeon, and saw 4 of its levels.

You collected 131 gold pieces.

Inventory:

Hand Weapons
 a - a +0 long sword (weapon)
Armour
 b - a +0 scale mail (worn)
 c - a +0 shield (worn)
Wands
 w - a wand of lightning (7/15)
Scrolls
 g - 4 scrolls of identify {unknown}
 i - 3 scrolls of amnesia {unknown}
 k - 2 scrolls of magic mapping {unknown}
 l - 2 scrolls of teleportation {unknown}
 o - a scroll of fear {unknown}
 p - a scroll of blinking {unknown}
 r - a scroll of immolation {unknown}
 u - a scroll of random uselessness {unknown}
Potions
 d - a potion of might
 t - 2 potions of haste {unknown}
 v - 2 potions of heal wounds {unknown}
Comestibles
 f - 6 bread rations
 m - 4 royal jellies
 n - a meat ration


   Skills:
 + Level 3.4 Fighting
 + Level 3.6 Long Blades
 + Level 3.8 Armour
 + Level 0.7 Dodging
 + Level 0.2 Stealth
 + Level 3.6 Shields


You had 4 spell levels left.
You didn't know any spells.

Dungeon Overview and Level Annotations

Branches:
Dungeon (4/15)
 Temple: D:4-7

Altars:
Qazlal
Uskayaw


Innate Abilities, Weirdness & Mutations

You are small and have problems with some larger weapons.
You are somewhat resistant to further mutation.
You have a pair of small horns on your head.
You are surrounded by a mild repulsion field. (EV +2)


Message History

The worker ant bites you.
* * * LOW HITPOINT WARNING * * *
You are more poisoned.
The worker ant poisons you!
It was a potion of cancellation.
Your magical effects are unravelling.
You feel magically purged.
You feel less invigorated.
You feel less confused.
You feel a little less clever now.
* * * LOW HITPOINT WARNING * * *
You feel very sick. You block the worker ant's attack.
It was a potion of flight.
You feel very buoyant.
You fly up into the air.
* * * LOW HITPOINT WARNING * * *
You feel very sick.
The worker ant bites you but does no damage.
It was a potion of mutation.
You feel extremely strange. A pair of horns grows on your head!
You begin to radiate repulsive energy.
You die...

#..######.## #.###....
.........#.# #........
....#####.## ###.##### ...## #.#
#.# # ...# #.######## #.# #.##
#.##.....# #.# #.# #.##.###.# #.#
#+## #.##.# #.# #.# ...##
#.##.###@# ###.# # ....##
#......#a# ##.#.# ## .....##
###..#.#.# ##.#..####.
......####...#.#.######.###..##..
......+..................#....'..
......####.....#########...####..
.....## ##.#.## ####.######.
....## ###.# #.........## ...##
#.# #.##.####.##


You could see a worker ant.

Vanquished Creatures
  An orc wizard (D:3)
  2 adders (D:2)
  An ooze (D:3)
  3 worms
  A dart slug (D:1)
  2 leopard geckos
  5 orcs (D:3)
  A ball python (D:1)
  6 bats
  3 giant cockroaches
  5 goblins
  8 hobgoblins
  6 jackals
  3 frilled lizards (D:2)
  7 kobolds
  3 rats
57 creatures vanquished.

Notes
Turn   | Place    | Note
-------+----------+-------------------------------------------
     0 | D:1      | Peloso the Halfling Fighter began the quest for the Orb.
     0 | D:1      | Reached XP level 1. HP: 15/15 MP: 1/1
   282 | D:1      | Reached XP level 2. HP: 15/21 MP: 2/2
   804 | D:2      | Reached XP level 3. HP: 26/26 MP: 3/3
   976 | D:2      | Found a stormy altar of Qazlal.
  1004 | D:2      | Reached XP level 4. HP: 23/31 MP: 4/4
  1392 | D:3      | Found a hide-covered altar of Uskayaw.
  1402 | D:3      | Reached XP level 5. HP: 28/36 MP: 5/5
  2064 | D:4      | Noticed a phantom
  2385 | D:3      | HP: 1/36 [poisoned by a worker ant]
  2386 | D:3      | Gained mutation: You have a pair of small horns on your head. [potion of mutation]
  2386 | D:3      | Gained mutation: You are surrounded by a mild repulsion field. (EV +2) [potion of mutation]
  2386 | D:3      | Succumbed to a worker ant's poison

Skill      XL: |  1  2  3  4 |
---------------+-------------+-----
Fighting       | 3 |  3.4
Long Blades    | 3 |  3.6
Armour         | |  3.8
Dodging        | |  0.7
Stealth        | |  0.2
Shields        | |  3.6

Action                   |  1- 3 |  4- 6 || total
-------------------------+-------+-------++-------
Melee: Long sword        |   107 |   108 ||   215
  Use: Potion            |       |     5 ||     5
  Eat: Chunk             |       |     3 ||     3
Armor: Scale mail        |    39 |    45 ||    84
Dodge: Dodged            |    40 |    37 ||    77
Block: Shield            |    67 |    46 ||   113
       Rpst.: Long sword |    11 |    14 ||    25
